CRL
RALEIGH-DURHAM CAPITALS @ SALEM REBELS
08/20/1982
 
TOP OF THE 1ST
Raleigh-Durham Capitals batting - Pitching for Salem Rebels : RHP Elwaine Hardtke
Pitching: RHP Elwaine Hardtke
Batting: SHB Horace Ransom 0-0: Ball
1-0: Called Strike
1-1: Called Strike
1-2: Foul Ball, location: 2F
1-2: Ball
2-2: Ball
3-2: Base on Balls
Batting: RHB Tony Camara 0-0: Foul Ball, location: 2F
0-1: Fly out, F9 (Flyball, 9, EV 92.5 MPH)
Batting: LHB Mark Reynolds 0-0: Ball
Horace Ransom is caught stealing 2nd base 2-6
1-0: Ball
2-0: Ground out 6-3 (Groundball, 56, EV 91.9 MPH)
Top of the 1st over - 0 runs, 0 hits, 0 errors, 0 left on base; Raleigh-Durham 0 - Salem 0
BOTTOM OF THE 1ST
Salem Rebels batting - Pitching for Raleigh-Durham Capitals : RHP Les Straker
Pitching: RHP Les Straker
Batting: RHB Daniel Szajko 0-0: Ball
1-0: Ball
2-0: SINGLE (Groundball, 6D, EV 100.6 MPH)
Batting: RHB David Smith 0-0: Ball
1-0: Fly out, F9 (Flyball, 9, EV 85.0 MPH)
Batting: RHB Glenn Jones 0-0: Fly out, F8 (Flyball, 8LXD, EV 99.4 MPH)
Batting: RHB John Schaive 0-0: Ball
Daniel Szajko steals 2nd base
1-0: Ball
2-0: Ball
3-0: Base on Balls
Batting: RHB Joe Jones 0-0: Ball
1-0: Fly out, F7 (Flyball, 7LM, EV 89.4 MPH)
Bottom of the 1st over - 0 runs, 1 hit, 0 errors, 2 left on base; Raleigh-Durham 0 - Salem 0
TOP OF THE 2ND
Raleigh-Durham Capitals batting - Pitching for Salem Rebels : RHP Elwaine Hardtke
Batting: RHB Christopher Barbone 0-0: Called Strike
0-1: Ball
1-1: Ball
2-1: Swinging Strike
2-2: Ground out 4-3 (Groundball, 4, EV 88.8 MPH)
Batting: RHB Richard Ferchen 0-0: Ball
1-0: Ball
2-0: Ball
3-0: Called Strike
3-1: Called Strike
3-2: Foul Ball, location: 2F
3-2: Base on Balls
Batting: RHB Luis Brito 0-0: Ball
1-0: Reached on error, E5 (Groundball, 5, EV 100.6 MPH)
Richard Ferchen to second
Batting: RHB Michael Wright 0-0: SINGLE (Groundball, 34D, EV 98.1 MPH)
Richard Ferchen to third
Luis Brito to second
Batting: LHB Donald Jamerson 0-0: Called Strike
0-1: Ball
1-1: SINGLE (Line Drive, 8LM, EV 88.1 MPH)
Richard Ferchen scores
Luis Brito to third
Michael Wright to second
Batting: RHB Marshall Burk 0-0: Called Strike
0-1: Ball
1-1: Ball
2-1: Swinging Strike
2-2: Strikes out swinging
Batting: SHB Horace Ransom 0-0: Swinging Strike
0-1: Ball
1-1: Swinging Strike
1-2: Ground out 5-3 (Groundball, 56, EV 110.6 MPH)
Top of the 2nd over - 1 run, 2 hits, 1 error, 3 left on base; Raleigh-Durham 1 - Salem 0
BOTTOM OF THE 2ND
Salem Rebels batting - Pitching for Raleigh-Durham Capitals : RHP Les Straker
Batting: RHB Gary Leslie 0-0: Called Strike
0-1: Foul Ball, location: 2F
0-2: Ball
1-2: Ground out 5-3 (Groundball, 56S, EV 80.0 MPH)
Batting: RHB Michael Murray 0-0: Ball
1-0: Swinging Strike
1-1: Called Strike
1-2: Ball
2-2: Foul Ball, location: 2F
2-2: Ball
3-2: Base on Balls
Batting: RHB Steven Schields 0-0: Ball
1-0: Fly out, F9 (Flyball, 89M, EV 85.6 MPH)
Batting: RHB Michael Guerra 0-0: Ball
Michael Murray steals 2nd base
1-0: Called Strike
1-1: Ball
2-1: Foul Ball, location: 2F
2-2: Strikes out swinging
Bottom of the 2nd over - 0 runs, 0 hits, 0 errors, 1 left on base; Raleigh-Durham 1 - Salem 0
TOP OF THE 3RD
Raleigh-Durham Capitals batting - Pitching for Salem Rebels : RHP Elwaine Hardtke
Batting: RHB Tony Camara 0-0: Ball
1-0: Called Strike
1-1: Swinging Strike
1-2: Ball
2-2: Ball
3-2: Foul Ball, location: 2F
3-2: DOUBLE (Flyball, 8RXD, EV 100.0 MPH)
Batting: LHB Mark Reynolds 0-0: Called Strike
0-1: Ball
1-1: Ball
2-1: Fly out, F9 (Flyball, 89D, EV 98.8 MPH)
Batting: RHB Christopher Barbone 0-0: Called Strike
0-1: Ball
1-1: Foul Ball, location: 2F
1-2: Strikes out looking
Batting: RHB Richard Ferchen 0-0: Called Strike
0-1: Called Strike
0-2: Foul Ball, location: 2F
0-2: Ball
1-2: Ball
2-2: Fly out, F7 (Flyball, 7S, EV 97.5 MPH)
Top of the 3rd over - 0 runs, 1 hit, 0 errors, 1 left on base; Raleigh-Durham 1 - Salem 0
BOTTOM OF THE 3RD
Salem Rebels batting - Pitching for Raleigh-Durham Capitals : RHP Les Straker
Batting: RHB Daniel Szajko 0-0: SINGLE (Groundball, 34D, EV 95.6 MPH)
Batting: RHB David Smith 0-0: Ball
1-0: Fly out, F8 (Flyball, 8LS, EV 92.5 MPH)
Batting: RHB Glenn Jones 0-0: Ball
1-0: Ball
2-0: DOUBLE (Flyball, 89XD, EV 93.8 MPH)
Daniel Szajko to third
Runner from 3rd tries for Home, SAFE, no throw by CF
Batting: RHB John Schaive 0-0: Called Strike
0-1: Ball
Glenn Jones is caught stealing 3rd base 2-5
1-1: Called Strike
1-2: Ground out 6-3 (Groundball, 56D, EV 102.5 MPH)
Bottom of the 3rd over - 1 run, 2 hits, 0 errors, 0 left on base; Raleigh-Durham 1 - Salem 1
TOP OF THE 4TH
Raleigh-Durham Capitals batting - Pitching for Salem Rebels : RHP Elwaine Hardtke
Batting: RHB Luis Brito 0-0: Called Strike
0-1: Ball
1-1: Ball
2-1: Foul Ball, location: 2F
2-2: Ball
3-2: Fly out, F8 (Flyball, 8RD, EV 90.6 MPH)
Batting: RHB Michael Wright 0-0: Foul Ball, location: 2F
0-1: Ground out 5-3 (Groundball, 56, EV 83.8 MPH)
Batting: LHB Donald Jamerson 0-0: Foul Ball, location: 2F
0-1: Foul Ball, location: 2F
0-2: Foul Ball, location: 2F
0-2: Fly out, F8 (Flyball, 8RD, EV 104.4 MPH)
Top of the 4th over - 0 runs, 0 hits, 0 errors, 0 left on base; Raleigh-Durham 1 - Salem 1
BOTTOM OF THE 4TH
Salem Rebels batting - Pitching for Raleigh-Durham Capitals : RHP Les Straker
Batting: RHB Joe Jones 0-0: Swinging Strike
0-1: Ground out 6-3 (Groundball, 6, EV 85.6 MPH)
Batting: RHB Gary Leslie 0-0: Foul Ball, location: 2F
0-1: Ball
1-1: Ball
2-1: Foul Ball, location: 2F
2-2: Ball
3-2: Ground out 6-3 (Groundball, 6, EV 78.8 MPH)
Batting: RHB Michael Murray 0-0: Ball
1-0: Reached on error, E5 (Groundball, 56, EV 83.8 MPH)
Batting: RHB Steven Schields 0-0: Ball
1-0: Called Strike
1-1: Ball
2-1: Swinging Strike
2-2: Fly out, F3 (Popup, 3S, EV 69.4 MPH)
Bottom of the 4th over - 0 runs, 0 hits, 1 error, 1 left on base; Raleigh-Durham 1 - Salem 1
TOP OF THE 5TH
Raleigh-Durham Capitals batting - Pitching for Salem Rebels : RHP Elwaine Hardtke
Batting: RHB Marshall Burk 0-0: Called Strike
0-1: Ball
1-1: Foul Ball, location: 2F
1-2: Ground out 3-1 (Groundball, 34, EV 109.4 MPH)
Batting: SHB Horace Ransom 0-0: Called Strike
0-1: SINGLE (Groundball, 4MD, EV 96.9 MPH)
Batting: RHB Tony Camara 0-0: Swinging Strike
0-1: Ball
1-1: Called Strike
1-2: SINGLE (Flyball, 9S, EV 93.1 MPH)
Horace Ransom to second
Runner from 2nd tries for 3rd, SAFE, throw by RF made to third
Batting: LHB Mark Reynolds 0-0: Ball
1-0: Ball
2-0: Ball
3-0: Called Strike
3-1: Base on Balls
Tony Camara to second
Batting: RHB Christopher Barbone 0-0: Ball
1-0: SINGLE (Line Drive, 9S, EV 88.1 MPH)
Horace Ransom scores
Tony Camara to third
Mark Reynolds to second
Batting: RHB Richard Ferchen 0-0: Foul Ball, location: 2F
0-1: Foul Ball, location: 2F
0-2: Ball
1-2: Ball
2-2: Grounds into double play, 4-2-3 (Groundball, 4, EV 86.9 MPH)
Top of the 5th over - 1 run, 3 hits, 0 errors, 2 left on base; Raleigh-Durham 2 - Salem 1
BOTTOM OF THE 5TH
Salem Rebels batting - Pitching for Raleigh-Durham Capitals : RHP Les Straker
Batting: RHB Michael Guerra 0-0: Ball
1-0: Ball
2-0: SINGLE (Flyball, 89S, EV 96.9 MPH)
Batting: RHB Daniel Szajko 0-0: Sac Bunt to 13S - play at first, batter OUT! 1-3
Michael Guerra to second
Batting: RHB David Smith 0-0: Called Strike
0-1: Ball
1-1: Ball
Michael Guerra steals 3rd base
2-1: Fly out, F9 (Flyball, 89S, EV 95.0 MPH)
Batting: RHB Glenn Jones 0-0: Foul Ball, location: 2F
0-1: Foul Ball, location: 2F
0-2: Foul Ball, location: 2F
0-2: Strikes out swinging
Bottom of the 5th over - 0 runs, 1 hit, 0 errors, 1 left on base; Raleigh-Durham 2 - Salem 1
TOP OF THE 6TH
Raleigh-Durham Capitals batting - Pitching for Salem Rebels : RHP Elwaine Hardtke
Batting: RHB Luis Brito 0-0: Ball
1-0: SINGLE (Line Drive, 6M, EV 101.9 MPH)
Batting: RHB Michael Wright 0-0: Ball
1-0: SINGLE (Groundball, 4MD, EV 98.8 MPH)
Luis Brito to second
Batting: LHB Donald Jamerson 0-0: Called Strike
0-1: Swinging Strike
0-2: Strikes out swinging
Batting: RHB Marshall Burk 0-0: Ball
Michael Wright steals 2nd base
Luis Brito steals 3rd base
1-0: Swinging Strike
1-1: Ball
2-1: SINGLE (Groundball, 34, EV 98.1 MPH)
Luis Brito scores
Michael Wright to third
Runner from 3rd tries for Home, SAFE, throw by RF to home
Marshall Burk to second
Batting: SHB Horace Ransom 0-0: Intentional Walk
Batting: RHB Tony Camara 0-0: Ball
1-0: Ground out 5-3 (Groundball, 56S, EV 74.4 MPH)
Marshall Burk to third
Horace Ransom to second
Batting: LHB Mark Reynolds 0-0: Called Strike
0-1: DOUBLE (Line Drive, 7LM, EV 105.0 MPH)
Marshall Burk scores
Horace Ransom scores
Pitching: RHP Gary Bowers
Batting: RHB Christopher Barbone 0-0: Ball
1-0: Foul Ball, location: 2F
1-1: Called Strike
1-2: Ball
2-2: Ball
3-2: Fly out, F9 (Flyball, 9S, EV 87.5 MPH)
Top of the 6th over - 4 runs, 4 hits, 0 errors, 1 left on base; Raleigh-Durham 6 - Salem 1
BOTTOM OF THE 6TH
Salem Rebels batting - Pitching for Raleigh-Durham Capitals : RHP Les Straker
Batting: RHB John Schaive 0-0: Foul Ball, location: 2F
0-1: Swinging Strike
0-2: Fly out, F7 (Line Drive, 7, EV 90.6 MPH)
Batting: RHB Joe Jones 0-0: Ball
1-0: Fly out, F8 (Flyball, 8LD, EV 90.6 MPH)
Batting: RHB Gary Leslie 0-0: Ball
1-0: Foul Ball, location: 2F
1-1: Ball
2-1: Ball
3-1: Base on Balls
Batting: RHB Michael Murray 0-0: Called Strike
0-1: Foul Ball, location: 2F
0-2: Strikes out looking
Bottom of the 6th over - 0 runs, 0 hits, 0 errors, 1 left on base; Raleigh-Durham 6 - Salem 1
TOP OF THE 7TH
Raleigh-Durham Capitals batting - Pitching for Salem Rebels : RHP Gary Bowers
Batting: RHB Richard Ferchen 0-0: Called Strike
0-1: Ball
1-1: Swinging Strike
1-2: Foul Ball, location: 2F
1-2: SOLO HOME RUN (Flyball, 7D, EV 97.5 MPH), Distance : 360 ft
Batting: RHB Luis Brito 0-0: Called Strike
0-1: Foul Ball, location: 2F
0-2: Strikes out looking
Batting: RHB Michael Wright 0-0: Ball
1-0: Foul Ball, location: 2F
1-1: SOLO HOME RUN (Flyball, 7D, EV 96.9 MPH), Distance : 387 ft
Batting: LHB Donald Jamerson 0-0: Swinging Strike
0-1: Ball
1-1: Ball
2-1: Foul Ball, location: 2F
2-2: Ball
3-2: Foul Ball, location: 2F
3-2: Foul Ball, location: 2F
3-2: Base on Balls
Batting: RHB Marshall Burk 0-0: Called Strike
0-1: Ball
1-1: Grounds into double play, 6-4-3 (Groundball, 6, EV 79.4 MPH)
Top of the 7th over - 2 runs, 2 hits, 0 errors, 0 left on base; Raleigh-Durham 8 - Salem 1
BOTTOM OF THE 7TH
Salem Rebels batting - Pitching for Raleigh-Durham Capitals : RHP Les Straker
Batting: RHB Steven Schields 0-0: Swinging Strike
0-1: Ball
1-1: Foul Ball, location: 2F
1-2: Strikes out swinging
Batting: RHB Michael Guerra 0-0: Ball
1-0: Foul Ball, location: 2F
1-1: Ball
2-1: Ball
3-1: Base on Balls
Batting: RHB Daniel Szajko 0-0: Ball
Wild Pitch!
Michael Guerra to second
1-0: Ball
2-0: Ball
3-0: Called Strike
3-1: Called Strike
3-2: SINGLE (Groundball, 56D, EV 101.9 MPH)
Michael Guerra to third
Runner from 3rd tries for Home, SAFE, throw by LF to home
Batting: RHB David Smith 0-0: Fly out, F8 (Flyball, 8LM, EV 92.5 MPH)
Batting: RHB Glenn Jones 0-0: Ball
1-0: Ball
2-0: Ball
3-0: Called Strike
3-1: Base on Balls
Daniel Szajko to second
Batting: RHB John Schaive 0-0: Called Strike
0-1: Foul Ball, location: 2F
0-2: Ball
1-2: Foul Ball, location: 2F
1-2: Fielders Choice at 2nd, 5-4 (Groundball, 56, EV 105.6 MPH)
Bottom of the 7th over - 1 run, 1 hit, 0 errors, 2 left on base; Raleigh-Durham 8 - Salem 2
TOP OF THE 8TH
Raleigh-Durham Capitals batting - Pitching for Salem Rebels : RHP Gary Bowers
Batting: SHB Horace Ransom 0-0: Ball
1-0: Fly out, F6 (Popup, 6, EV 62.5 MPH)
Batting: RHB Tony Camara 0-0: Ball
1-0: Ball
2-0: Foul Ball, location: 2F
2-1: Ball
3-1: Called Strike
3-2: Foul Ball, location: 2F
3-2: Foul Ball, location: 2F
3-2: Ground out 4-3 (Groundball, 4S, EV 90.0 MPH)
Batting: LHB Mark Reynolds 0-0: Foul Ball, location: 2F
0-1: Ground out 5-3 (Groundball, 56, EV 105.6 MPH)
Top of the 8th over - 0 runs, 0 hits, 0 errors, 0 left on base; Raleigh-Durham 8 - Salem 2
BOTTOM OF THE 8TH
Salem Rebels batting - Pitching for Raleigh-Durham Capitals : RHP Les Straker
Batting: RHB Joe Jones 0-0: Ball
1-0: Foul Ball, location: 2F
1-1: Ground out 6-3 (Groundball, 6, EV 90.0 MPH)
Batting: RHB Gary Leslie 0-0: Ball
1-0: Called Strike
1-1: Ball
2-1: Ball
3-1: Foul Ball, location: 2F
3-2: Base on Balls
Batting: RHB Michael Murray 0-0: Ball
1-0: Ball
2-0: Called Strike
2-1: Called Strike
2-2: Foul Ball, location: 2F
2-2: DOUBLE (Flyball, 8RD, EV 102.5 MPH)
Gary Leslie to third
Batting: RHB Steven Schields 0-0: Ball
1-0: Called Strike
1-1: Ball
2-1: Called Strike
2-2: Ball
3-2: Fly out, F3 (Popup, 34, EV 66.3 MPH)
Batting: RHB Michael Guerra 0-0: Ball
1-0: Foul Ball, location: 2F
1-1: Foul Ball, location: 2F
1-2: Foul Ball, location: 2F
1-2: Foul Ball, location: 2F
1-2: Foul Ball, location: 2F
1-2: Ball
2-2: Ground out 6-3 (Groundball, 6, EV 100.0 MPH)
Bottom of the 8th over - 0 runs, 1 hit, 0 errors, 2 left on base; Raleigh-Durham 8 - Salem 2
TOP OF THE 9TH
Raleigh-Durham Capitals batting - Pitching for Salem Rebels : RHP Gary Bowers
Batting: RHB Christopher Barbone 0-0: Ball
1-0: Ball
2-0: Called Strike
2-1: Ball
3-1: Called Strike
3-2: Foul Ball, location: 2F
3-2: Foul Ball, location: 2F
3-2: Foul Ball, location: 2F
3-2: Foul Ball, location: 2F
3-2: Strikes out swinging
Batting: RHB Richard Ferchen 0-0: Foul Ball, location: 2F
0-1: Ball
1-1: Ball
2-1: Foul Ball, location: 2F
2-2: Ball
3-2: Base on Balls
Pitching: RHP Bill Clay
Batting: RHB Luis Brito 0-0: Swinging Strike
0-1: Called Strike
0-2: Ball
1-2: Ball
2-2: Foul Ball, location: 2F
2-2: Foul Ball, location: 2F
2-2: Strikes out swinging
Batting: RHB Michael Wright 0-0: Reached on error, E9 (Flyball, 9S, EV 91.9 MPH)
Richard Ferchen to third
Batting: LHB Donald Jamerson 0-0: Called Strike
0-1: Ball
1-1: Ball
2-1: Swinging Strike
2-2: Ground out 4-3 (Groundball, 4S, EV 63.8 MPH)
Top of the 9th over - 0 runs, 0 hits, 1 error, 2 left on base; Raleigh-Durham 8 - Salem 2
BOTTOM OF THE 9TH
Salem Rebels batting - Pitching for Raleigh-Durham Capitals : RHP Les Straker
Batting: RHB Daniel Szajko 0-0: Fly out, F8 (Line Drive, 8LM, EV 87.5 MPH)
Batting: RHB David Smith 0-0: Fly out, F8 (Line Drive, 8LM, EV 93.1 MPH)
Batting: RHB Glenn Jones 0-0: Called Strike
0-1: Ball
1-1: Ball
2-1: Ball
3-1: Foul Ball, location: 2F
3-2: Strikes out swinging
Bottom of the 9th over - 0 runs, 0 hits, 0 errors, 0 left on base; Raleigh-Durham 8 - Salem 2
Monday, August 24th, 2020 - OOTP Baseball 21.5 Build 76